 Dungeon Crawl Stone Soup version 0.29.1-15-g9cfb28693d (webtiles) character file.

Game seed: 5032981839093638132

85 Gabide the Trooper (level 4, -4/50 HPs)
             Began as an Ogre Monk on Feb 22, 2023.
             Slain by an orc
             ... wielding a +0 morningstar
              (8 damage)
             ... on level 2 of the Dungeon.
             The game lasted 00:03:12 (1517 turns).

Gabide the Trooper (Ogre Monk)                      Turns: 1517, Time: 00:03:13

Health: -4/50      AC:  3    Str: 17    XL:     4   Next: 48%
Magic:  4/4        EV: 14    Int: 17    God:
Gold:   77         SH:  0    Dex: 11    Spells: 3/3 levels left

rFire   . . .      SeeInvis .   a - +0 spear
rCold   . . .      Faith    .   (no shield)
rNeg    . . .      Spirit   .   j - +0 robe
rPois   .          Reflect  .   (helmet restricted)
rElec   .          Harm     .   (no cloak)
rCorr   .          Rampage  .   (gloves unavailable)
Will    .....                   (boots unavailable)
Stlth   +.........              (no amulet)
HPRegen 0.16/turn               d - +4 ring of evasion
MPRegen 0.09/turn               n - +6 ring of intelligence

@: confused, ambrosia-drunk
A: large, unfitting armour, tough skin 1
a: no special abilities


You were on level 2 of the Dungeon.
You visited 1 branch of the dungeon, and saw 3 of its levels.

You collected 77 gold pieces.

Inventory:

Hand Weapons
 a - a +0 spear (weapon)
 b - a +0 sling
Armour
 j - a +0 robe (worn)
Jewellery
 d - a +4 ring of evasion (left hand)
 n - a +6 ring of intelligence (right hand)
Scrolls
 e - 2 scrolls of poison
 k - 2 scrolls of identify
Potions
 f - a potion of lignification
 g - 2 potions of might
 h - a potion of flight
 m - a potion of heal wounds


   Skills:
 * Level 5.3 Fighting
 * Level 4.0 Polearms
 + Level 3.1 Dodging
 - Level 1.4 Stealth


You had 3 spell levels left.
You didn't know any spells.
Your spell library was empty.

Dungeon Overview and Level Annotations

Branches:
Dungeon (3/15)

Altars:


Innate Abilities, Weirdness & Mutations

You are too large for most types of armour.
You have tough skin. (AC +1)


Message History

The adder bites you but does no damage.
You climb upwards.
There is a stone staircase leading down here.
Unknown command.
Throw: 2 darts (atropa)
Press: ? - help, Shift-Dir - straight line, f - adder
Aim: an adder (38% to hit, chance to blind on hit: 100%)
You throw an atropa-tipped dart.
The atropa-tipped dart barely misses the adder.
The orc barely misses you. The orc hits you but does no damage.
The orc hits you with a +0 flail. The adder closely misses you.
Throw: dart (atropa)
Press: ? - help, Shift-Dir - straight line, f/p - adder
Aim: an adder (38% to hit, chance to blind on hit: 100%)
You throw an atropa-tipped dart.
The atropa-tipped dart misses the adder.
The adder barely misses you. The orc barely misses you.
The orc hits you with a +0 flail! The orc closely misses you.
The adder barely misses you.
You hit the orc.
The orc is moderately wounded.
The orc barely misses you. The orc closely misses you.
The orc barely misses you. The adder bites you.
You hit the orc but do no damage.
The orc is moderately wounded.
The orc closely misses you. The orc hits you with a +0 flail!
* * * LOW HITPOINT WARNING * * *
The orc barely misses you. The adder bites you.
* * * LOW HITPOINT WARNING * * *
You are confused.
You feel invigorated. The orc hits you with a +0 morningstar!
* * * LOW HITPOINT WARNING * * *
The orc misses you. The adder bites you.
* * * LOW HITPOINT WARNING * * *
The orc closely misses you.
You bump into the rock wall.
The adder closely misses you. The orc misses you.
The orc hits you with a +0 flail.
* * * LOW HITPOINT WARNING * * *
The orc hits you with a +0 morningstar!
You die...

.....#.........##.# #.#..#
.....#......##...>###....## ##
.....#.......#.....##.....# #.
.............#.....#......# #.
...##........#............# #.
##.##.#.....##........##.## #.
##..#.........(.......#..# #.
#..#..........So..#.##.## ###.
##.##...##.##.o@o.#.#..######...
##...#####...#.##......[.......#.
...#.......#...............#####.
##...#####...#......<......# #.
##.## ##.##.............# ##
###.# #.#..............# ..#.#
#.#..............# .##.#
#.#..............# .##.##
##.##.........<...######


You could see an adder and 3 orcs.

Vanquished Creatures
  An orc priest (D:2)
  Jessica (D:2)
  An orc (D:2)
  2 endoplasms
  2 giant cockroaches (D:1)
  A goblin (D:2)
  4 hobgoblins
  2 quokkas
  5 ball pythons
  3 frilled lizards
  3 kobolds
  5 rats
30 creatures vanquished.

Notes
Turn   | Place    | Note
-------+----------+-------------------------------------------
     0 | D:1      | Gabide the Ogre Monk began the quest for the Orb.
     0 | D:1      | Reached XP level 1. HP: 24/24 MP: 1/1
   198 | D:1      | Reached XP level 2. HP: 30/32 MP: 2/2
   449 | D:1      | Found a faded altar of an unknown god.
   730 | D:2      | Noticed Jessica
   742 | D:2      | Killed Jessica
   743 | D:2      | Reached XP level 3. HP: 28/41 MP: 3/3
   884 | D:2      | Reached skill level 5 in Fighting
  1367 | D:2      | Reached XP level 4. HP: 30/50 MP: 4/4
  1517 | D:2      | Slain by an orc

Illustrated notes

Levels and vault maps discovered:
D:1:      spicycebolla_arrival_risky_transporter, layout_rooms,
          ebering_ecumenical_altar_abandoned, hangedman_glass_teeth,
          minmay_crystal_room
D:2:      layout_rooms, serial_corexii_hall, chequers_hall_statues_corner_a,
          corexii_hall_statues_l, minivault_24, minmay_misc_feat_tower,
          uniq_jessica
D:3:      layout_rooms, minmay_misc_feat_five

Skill      XL: |  1  2  3 |
---------------+----------+-----
Dodging        | 3 |  3.1
Fighting       | 5 |  5.3
Polearms       | 4 |  4.0
Stealth        | |  1.4

Action                   |  1- 3 |  4- 6 || total
-------------------------+-------+-------++-------
Melee: Spear             |    98 |    14 ||   112
       Punch             |       |     1 ||     1
 Fire: Sling             |    16 |       ||    16
Throw: Dart              |       |     2 ||     2
  Use: Scroll            |     8 |       ||     8
       Potion            |       |     1 ||     1
 Stab: Sleeping          |     2 |       ||     2
Armor: Robe              |    11 |     2 ||    13
Dodge: Dodged            |    51 |    27 ||    78
